Map: Through the Darkness

Players

Tesla - Winner!

  • Race: Protoss Protoss

Marin

  • Race: Terran Terran
  • League: Diamond

VOD

Have the link to the VOD?

Description

Time

  • Played on: Sept. 27, 2016, 1:24 p.m.
  • Length: 8:36
Show
View Real Time Build Order
Export as new Build Order

Tesla Protoss - Winner!

Build Orders:  

Get SALT Encoding   

  12  0:01  Probe (Chrono Boost)  
  13  0:11  Probe (Chrono Boost)  
  14  0:18  Pylon  
  14  0:22  Probe (Chrono Boost)  
  15  0:37  Probe (Chrono Boost), Gateway  
  16  0:43  Assimilator  
  16  0:47  Probe (Chrono Boost)  
  17  0:58  Probe (Chrono Boost)  
  18  1:08  Probe (Chrono Boost)  
  19  1:12  Assimilator  
  19  1:19  Probe (Chrono Boost)  
  19  1:25  Cybernetics Core  
  20  1:29  Probe (Chrono Boost)  
  21  1:40  Probe (Chrono Boost)  
  22  1:47  Nexus  
  22  1:50  Probe (Chrono Boost)  
  23  1:57  Pylon  
  22  2:11  Warp Gate  
  22  2:14  Pylon  
  26  2:15  Adept  
  26  2:16  Mothership Core (Chrono Boost)  
  26  2:34  Probe (Chrono Boost)  
  27  2:42  Adept  
  29  2:49  Probe (Chrono Boost)  
  30  2:55  Pylon  
  30  2:57  Assimilator  
  30  3:02  Assimilator  
  30  3:03  Probe (Chrono Boost)  
  30  3:04  Probe (Chrono Boost)  
  32  3:07  Pylon  
  32  3:17  Adept  
  32  3:19  Probe (Chrono Boost)  
  36  3:21  Probe (Chrono Boost)  
  36  3:35  Probe (Chrono Boost)  
  36  3:36  Probe (Chrono Boost)  
  38  3:44  Robotics Facility  
  38  3:45  Probe (Chrono Boost)  
  38  3:47  Gateway  
  40  3:48  Probe (Chrono Boost)  
  40  3:49  Adept  
  42  3:56  Probe (Chrono Boost)  
  43  4:06  Probe (Chrono Boost)  
  43  4:07  Probe (Chrono Boost)  
  45  4:15  Twilight Council, Gateway  
  45  4:20  Probe (Chrono Boost)  
  45  4:21  Probe (Chrono Boost), Sentry  
  47  4:29  Observer  
  51  4:32  Probe (Chrono Boost)  
  51  4:33  Probe (Chrono Boost)  
  52  4:39  Resonating Glaives  
  52  4:43  Stalker  
  52  4:44  Probe (Chrono Boost)  
  56  4:45  Probe (Chrono Boost)  
  56  4:47  Observer  
  57  4:57  Stalker  
  59  5:04  Gateway  
  59  5:06  Gateway  
  59  5:09  Gateway  
  59  5:13  Forge, Probe x2 (Chrono Boost)  
  61  5:17  Stalker  
  61  5:20  Immortal  
  63  5:25  Probe (Chrono Boost)  
  68  5:29  Stalker  
  68  5:30  Protoss Ground Weapons Level 1  
  68  5:34  Pylon  
  70  5:37  Pylon  
  70  5:39  Pylon  
  71  5:57  Probe (Chrono Boost)  
  71  5:59  Probe (Chrono Boost), Warp Prism  
  71  6:04  Stalker x3  
  76  6:07  Stalker  
  82  6:12  Stalker  
  82  6:15  Adept  
  86  6:28  Adept  
  86  6:29  Adept x2  
  86  6:31  Adept  
  90  6:37  Adept  
  90  6:38  Adept  
  68  6:52  Stalker x4  
  76  7:02  Immortal  
  80  7:10  Stalker  
  80  7:11  Stalker  
  84  7:18  Adept x3  
  90  7:24  Stalker  
  92  7:42  Stalker  
  92  7:43  Stalker x4  
  86  7:58  Adept  
  86  8:10  Stalker  
  86  8:11  Stalker x3  
Show
View Real Time Build Order
Export as new Build Order

Marin Terran 

Build Orders:  

Get SALT Encoding   

  12  0:01  SCV  
  13  0:13  SCV  
  14  0:18  Supply Depot  
  14  0:25  SCV  
  15  0:39  SCV  
  15  0:40  Barracks  
  16  0:51  SCV  
  17  1:04  SCV  
  18  1:18  Command Center  
  18  1:27  Orbital Command  
  18  1:30  Marine  
  19  1:38  Supply Depot  
  19  1:49  Marine  
  20  2:04  SCV  
  20  2:07  Barracks  
  20  2:08  Barracks  
  21  2:16  SCV  
  21  2:18  Marine  
  23  2:24  Refinery  
  23  2:28  Engineering Bay  
  23  2:29  SCV  
  24  2:40  Bunker  
  24  2:47  Marine  
  24  2:49  SCV  
  26  2:54  Missile Turret  
  26  2:56  Marine x2  
  28  3:00  Orbital Command  
  28  3:01  SCV  
  29  3:07  Marine  
  30  3:14  Marine  
  27  3:35  SCV  
  27  3:36  SCV  
  27  3:38  Barracks Tech Lab  
  27  3:40  Barracks Reactor  
  28  3:46  Barracks Reactor  
  28  3:47  SCV  
  29  3:53  Bunker  
  29  3:56  SCV  
  29  4:00  SCV, Marauder  
  33  4:03  Refinery  
  33  4:04  Refinery  
  33  4:08  SCV  
  34  4:12  SCV, Supply Depot  
  34  4:16  Marine x2  
  37  4:20  SCV  
  37  4:24  SCV, Marine x2  
  39  4:26  Stimpack  
  39  4:27  Marine  
  42  4:32  SCV  
  42  4:34  Marine x2  
  42  4:36  SCV  
  46  4:42  Marine x2  
  46  4:44  SCV, Barracks  
  49  4:46  Barracks  
  49  4:48  SCV  
  50  4:58  Marine x2  
  50  4:59  Marine  
  52  5:00  Marine  
  52  5:02  Supply Depot  
  52  5:05  Supply Depot  
  54  5:08  SCV, Marauder  
  57  5:16  Marine x2  
  57  5:17  Marine x2  
  61  5:30  Marauder  
  61  5:31  Marine  
  61  5:33  Marine  
  61  5:35  Marine x4  
  69  5:50  Marine  
  69  5:51  Marauder, Marine  
  69  5:53  Marine  
  69  5:55  Factory  
  74  6:00  Marine x3, Terran Infantry Weapons Level 1  
  77  6:05  Supply Depot  
  77  6:08  Marine  
  78  6:20  Supply Depot x2  
  78  6:26  Concussive Shells  
  78  6:27  Marauder, Marine x2  
  78  6:28  Supply Depot  
  48  6:52  Starport  
  46  6:55  Barracks Reactor  
  46  6:57  Marauder  
  46  6:58  Factory Reactor, Marine x4  
  46  7:01  Marine  
  50  7:14  Sensor Tower  
  50  7:15  Marine  
  50  7:16  Marine x3  
  50  7:18  Marine  
  50  7:19  Marauder  
  48  7:33  Marine x4, Medivac  
  48  7:34  Marine  
  54  7:39  Marine x2  
  54  7:40  Marine  
  39  7:51  Marine x5  
  39  7:58  Marauder, Marine, Widow Mine x2  
  38  8:01  Marine  
  36  8:09  Marine x2  
Tags
 
Add a new tag
Caveats
  • Supply blocks, unpowered buildings, or Contaminate may cause inaccurate times.
  • Supply counts are checked every 10 seconds.